 Dungeon Crawl Stone Soup version 0.21.1-1-g345015fe64 (webtiles) character file.

46 Evaline the Sneak (level 3, 0/18 HPs)
             Began as a Spriggan Assassin on June 28, 2018.
             Succumbed to an adder's poison
             ... on level 2 of the Dungeon.
             The game lasted 00:09:35 (1406 turns).

Evaline the Sneak (Spriggan Assassin)               Turns: 1406, Time: 00:09:35

Health: 0/18       AC:  3    Str:  7    XL:     3   Next: 44%
Magic:  5/5        EV: 17    Int: 13    God:
Gold:   59         SH:  0    Dex: 17    Spells: 4/4 levels left

rFire    . . .     SeeInvis +   b - +0 hunting sling
rCold    . . .     Gourm    .   (shield restricted)
rNeg     . . .     Faith    .   c - +0 robe
rPois    .         Spirit   .   (helmet restricted)
rElec    .         Reflect  .   d - +0 cloak
rCorr    .         Harm     .   (gloves unavailable)
MR       .....                  (boots unavailable)
Stlth    ++++......             (no amulet)
HPRegen  0.06/turn              (no ring)
MPRegen  0.09/turn              (no ring)

@: lethally poisoned (0 -> -2), very quick
A: very small, unfitting armour, see invisible, herbivore, speed 3, slow
metabolism 2
a: no special abilities


You were on level 2 of the Dungeon.
You were not hungry.

You visited 1 branch of the dungeon, and saw 2 of its levels.

You collected 59 gold pieces.

Inventory:

Hand Weapons
 a - a +2 dagger
 b - a +0 hunting sling (weapon)
 i - a +0 spear
 j - a +0 club
 n - a +0 blowgun
 r - a +0 flail
 w - a +0 short sword
Missiles
 e - 8 poisoned needles
 f - 2 curare-tipped needles
 h - 100 stones (quivered)
Armour
 c - a +0 robe (worn)
 d - a +0 cloak (worn)
Scrolls
 l - a scroll of teleportation {unknown}
 o - a scroll of identify {unknown}
 p - 2 scrolls of magic mapping {unknown}
 s - a scroll of remove curse {unknown}
Potions
 k - a potion of agility {unknown}
 m - 2 potions of degeneration {unknown}
 q - a potion of resistance {unknown}
Comestibles
 g - 4 rations


   Skills:
 + Level 1.6 Fighting
 + Level 2.5 Short Blades
 + Level 0.1(1.5) Slings
 + Level 2.0(2.1) Throwing
 * Level 2.4 Dodging
 + Level 6.8 Stealth
 * Level 1.3 Spellcasting


You had 4 spell levels left.
You didn't know any spells.

Dungeon Overview and Level Annotations

Branches:
Dungeon (2/15)

Altars:
Cheibriados

Annotations:
D:1 Hostile(Y)


Innate Abilities, Weirdness & Mutations

You are very small and have problems with some larger weapons.
You are too small for most types of armour.
You have supernaturally acute eyesight. (SInv)
You are a herbivore.
You cover ground extremely quickly.
You need consume almost no food.


Message History

There is a stone staircase leading down here.
You feel sick.
You feel sick.
* * * LOW HITPOINT WARNING * * *
You feel sick.
There is a stone staircase leading up here.
* * * LOW HITPOINT WARNING * * *
You feel sick.
* * * LOW HITPOINT WARNING * * *
You feel sick.
* * * LOW HITPOINT WARNING * * *
You feel sick.
* * * LOW HITPOINT WARNING * * *
You feel sick.
Found a ration.
* * * LOW HITPOINT WARNING * * *
You feel sick.
* * * LOW HITPOINT WARNING * * *
You feel sick.
You die...

#.# .### ####(###
..# .S.....# #.#
.#####.########.###
.# #.##.S.......#
.# ###.##.###S..#.#
S# #......#.....#.#
.# #......#.#..##.#
.# #.....%#.#...@.#
.# #...........####
.# #.....##.####
.##########.#
.##(......# #
..#(#####.#.#
<#..#####.#.#
.......>..?.#
##..#####.###


There were no monsters in sight!

Vanquished Creatures
  A gnoll (D:1)
  An ooze (D:1)
  A dart slug (D:1)
  2 leopard geckos (D:1)
  3 giant cockroaches
  3 goblins
  A hobgoblin (D:1)
  5 jackals (D:1)
  3 bats (D:1)
  A frilled lizard (D:1)
  2 kobolds (D:1)
  A rat (D:1)
24 creatures vanquished.

Notes
Turn   | Place    | Note
-------+----------+-------------------------------------------
     0 | D:1      | Evaline the Spriggan Assassin began the quest for the Orb.
     0 | D:1      | Reached XP level 1. HP: 10/10 MP: 2/2
    77 | D:1      | Reached skill level 6 in Stealth
   241 | D:1      | Reached XP level 2. HP: 13/14 MP: 3/3
   605 | D:1      | Reached XP level 3. HP: 10/18 MP: 5/5
   658 | D:1      | Found a snail-covered altar of Cheibriados.
   913 | D:2      | Reached skill level 1 in Spellcasting
  1406 | D:2      | Succumbed to an adder's poison

Skill      XL: |  1  2  3 |
---------------+----------+-----
Stealth        | 6 |  6.8
Dodging        | 2 |  2.4
Spellcasting   | 1 |  1.3
Fighting       | |  1.6
Short Blades   | |  2.5
Slings         | |  0.1
Throwing       | |  2.0

Action                   || total
-------------------------++-------
Melee: Dagger            ||    79
       Short sword       ||    19
 Fire: Hunting sling     ||    24
Throw: Stone             ||     2
 Stab: Sleeping          ||     6
Armor: Robe              ||    21
Dodge: Dodged            ||    72
